 Dungeon Crawl Stone Soup version 0.17-a0-1567-gdd419b1 (webtiles) character file.

10166 mrath the Protected (level 11, -10/102 HPs)
             Began as a Minotaur Fighter on July 22, 2015.
             Was a High Priest of Okawaru.
             Mangled by Rupert
             ... wielding a +0 triple sword of holy wrath
              (25 damage)
             ... on level 3 of the Lair of Beasts.
             The game lasted 01:51:35 (13388 turns).

mrath the Protected (Minotaur Fighter)             Turns: 13388, Time: 01:51:35

Health: -10/102    AC: 24    Str: 27    XL:     11   Next: 32%
Magic:  4/10       EV: 10    Int:  5    God:    Okawaru [*****.]
Gold:   404        SH: 15    Dex: 10    Spells: 0 memorised, 10 levels left

rFire  . . .     SeeInvis .     Q - +6 trident "Ekauxep" {flame, rElec}
rCold  + . .     Clarity  .     w - +1 plate armour {rC+}
rNeg   . . .     SustAt   .     c - +0 shield
rPois  +         Gourm    .     (helmet restricted)
rElec  +         Spirit   .     (no cloak)
rCorr  .         Warding  .     (no gloves)
rMut   .         Stasis   .     M - +2 pair of boots
MR     .....                    (no amulet)
Stlth  ..........               t - ring of Qojaefan {+Fly AC+2 Str-2 Stlth+}
                                V - ring of poison resistance

@: mighty, heroism, finesse, not resistant to hostile enchantments, extremely
unstealthy
A: retaliatory headbutt, horns 2
a: Heroism, Finesse, Renounce Religion, Evoke Flight


You were on level 3 of the Lair of Beasts.
You worshipped Okawaru.
Okawaru was extremely pleased with you.
You were not hungry.

You visited 3 branches of the dungeon, and saw 12 of its levels.
You also visited: Labyrinth.

You collected 535 gold pieces.
You spent 131 gold pieces at shops.

Inventory:

Hand weapons
 a - a +1 war axe
 m - a +1 flail of protection
 Q - the +6 trident "Ekauxep" (weapon) {flame, rElec}
   (You found it on level 4 of the Dungeon)

   It has been specially enchanted to burn those struck by it, causing extra
   injury to most foes and up to half again as much damage against particularly
   susceptible opponents.
   It insulates you from electricity.
 Z - a +0 blowgun
Missiles
 g - 14 silver bolts
 h - 8 needles of frenzy
 o - 27 poisoned needles
 O - 3 javelins (quivered)
Armour
 c - a +0 shield (worn)
 w - a +1 plate armour of cold resistance (worn)
 M - a +2 pair of boots (worn)
Magical staves
 I - an uncursed staff of air {unknown}
Rods
 j - a +8 rod of ignition (9/9)
   (You took it off a minotaur in a labyrinth)
 H - a +2 iron rod (11/11)
   (You found it in a labyrinth)
Jewellery
 b - an uncursed ring of teleportation
 p - an uncursed ring of ice
 t - the ring of Qojaefan (right hand) {+Fly AC+2 Str-2 Stlth+}
   (You found it in a labyrinth)

   [ring of protection]

   It affects your AC (+2).
   It affects your strength (-2).
   It lets you fly.
   It makes you more stealthy.
 V - a ring of poison resistance (left hand)
 W - a +3 ring of intelligence {unknown}
Magical devices
 f - a wand of frost (11)
 x - a wand of fire (8)
 E - a wand of slowing (18)
Scrolls
 i - 2 scrolls of identify
 l - 5 scrolls of fear
 n - a scroll of remove curse
 s - 2 scrolls of enchant armour
 u - 3 scrolls of enchant weapon
 v - 3 scrolls of teleportation
 y - a scroll of blinking {unknown}
 D - 3 scrolls of fog
 J - a scroll of immolation {unknown}
 L - a scroll of amnesia
Potions
 k - a potion of resistance
 r - a potion of cancellation {unknown}
 z - 2 potions of lignification
 A - 2 potions of curing {unknown}
 B - a potion of haste {unknown}
 G - 2 potions of mutation {unknown}
 K - a potion of heal wounds
 N - 3 potions of agility
 P - a potion of poison {unknown}
 R - a potion of ambrosia {unknown}
 U - 2 potions of invisibility {unknown}
 X - a potion of brilliance {unknown}
Miscellaneous
 F - a plain deck of defence
Comestibles
 e - 7 bread rations
 q - 4 fruits
 C - 4 meat rations


   Skills:
 + Level 11.1(16.1) Fighting
 - Level 4.3(12.6) Axes
 + Level 9.8(15.2) Polearms
 - Level 0.4(5.4) Throwing
 + Level 11.2(16.2) Armour
 - Level 1.8(6.8) Dodging
 + Level 11.2(16.2) Shields


You had 10 spell levels left.
You didn't know any spells.

Dungeon Overview and Level Annotations

Branches:
Dungeon (8/15)             Temple (1/1) D:7            Lair (3/8) D:8
 Spider (0/4) Lair:3
  Swamp: Lair:3-6    Shoals: Lair:3-6

Altars:
Ashenzari
Cheibriados
Dithmenos
Elyvilon
Fedhas
Gozag
Kikubaaqudgha
Nemelex Xobeh
Okawaru
Qazlal
Ru
Sif Muna
Trog
Vehumet
Yredelemnul
Zin
The Shining One

Shops:
D:4 !   D:7 *

Annotations:
Lair:3 Rupert


Innate Abilities, Weirdness & Mutations

You reflexively headbutt those who attack you in melee.
You have a pair of horns on your head.


Message History

Rupert is heavily wounded.
Rupert hits you with a triple sword of holy wrath!
* * * LOW HITPOINT WARNING * * *
Drink which item? (? for menu, Esc to quit)
You feel very mighty all of a sudden. Rupert hits you but does no damage.
Drink which item? (? for menu, Esc to quit)
You feel much better.
Rupert hits you with a triple sword of holy wrath!!
* * * LOW HITPOINT WARNING * * *
You completely miss Rupert. Your headbutt misses Rupert.
Rupert is heavily wounded.
You impale Rupert!! You burn Rupert! You headbutt Rupert!
Rupert is severely wounded.
You hit Rupert but do no damage.
Rupert is severely wounded.
You hit Rupert. You burn Rupert.
Rupert is almost dead.
Rupert hits you with a triple sword of holy wrath!!
You die...

.................
.................
.................
.................
.................
.....................##
#.....................
..####.@.............#
#..@..##........
##...P...##....#####
#........##....#P.#
##.......###........
#.........# #.......
#........####.......
#..##.....##....#.#..
#..##.......#...#####.
.... #.#........#.# .


You could see Rupert (berserk).

Vanquished Creatures
  A minotaur (Lab)
  A hydra (Lair:3)
  2 black mambas
  A spiny frog (Lair:1)
  A komodo dragon (Lair:1)
  12 yaks
  A trapdoor spider (Lab)
  A basilisk (Lair:2)
  5 wolves (Lair:2)
  3 hungry ghosts
  A hippogriff (Lair:1)
  3 water moccasins
  An ice beast (D:7)
  A sky beast (D:8)
  8 spiders
  A phantom (D:4)
  4 orc warriors
  2 eyes of draining (D:7)
  3 ogres
  3 crocodiles
  A centaur (D:7)
  8 giant frogs
  A scorpion (D:6)
  5 killer bees (D:7)
  3 wights (D:6)
  A crimson imp (D:6)
  7 orc wizards
  A gnoll shaman (D:7)
  2 jellies
  An orc priest (D:6)
  A hound (D:7)
  2 giant frog skeletons (D:4)
  6 iguanas
  A killer bee zombie (D:7)
  4 worker ants
  6 adders
  24 river rats
  2 shadow imps
  2 oozes (D:1)
  5 worms
  3 giant geckos
  11 orcs
  20 bats
  A bat skeleton (D:4)
  3 giant cockroaches
  16 goblins
  9 hobgoblins
  2 jackals (D:2)
  17 kobolds
  A quokka (D:7)
  2 ball pythons
  4 giant newts
  A quokka skeleton (D:6)
  A quokka zombie (D:5)
  15 rats
244 creatures vanquished.

Notes
Turn   | Place    | Note
--------------------------------------------------------------
     0 | D:1      | mrath the Minotaur Fighter began the quest for the Orb.
     0 | D:1      | Reached XP level 1. HP: 19/19 MP: 0/0
   150 | D:1      | Reached XP level 2. HP: 27/27 MP: 1/1
   209 | D:1      | Reached skill level 4 in Armour
   699 | D:1      | Reached XP level 3. HP: 29/33 MP: 2/2
  1636 | D:2      | Reached XP level 4. HP: 40/40 MP: 3/3
  2230 | D:2      | Reached skill level 1 in Dodging
  2510 | D:3      | Found a sparkling altar of Nemelex Xobeh.
  3041 | D:4      | Reached XP level 5. HP: 43/47 MP: 4/4
  3226 | D:4      | Found a white marble altar of Elyvilon.
  3226 | D:4      | Found a glowing golden altar of the Shining One.
  3226 | D:4      | Found a glowing silver altar of Zin.
  3379 | D:4      | Noticed a phantom
  3387 | D:4      | Killed a phantom
  3387 | D:4      | Reached skill level 5 in Armour
  3387 | D:4      | Reached XP level 6. HP: 51/53 MP: 5/5
  3420 | D:4      | Got a bone trident
  3570 | D:4      | Found Iprar's Distillery.
  3592 | D:4      | Bought a potion of heal wounds for 65 gold pieces
  3674 | D:4      | Reached skill level 5 in Shields
  3807 | D:5      | Entered Level 5 of the Dungeon
  3828 | D:5      | Identified the +6 trident "Ekauxep" {flame, rElec} (You found it on level 4 of the Dungeon)
  3941 | D:5      | Found a shattered altar of Ashenzari.
  4182 | D:5      | Reached skill level 5 in Fighting
  4182 | D:5      | Reached skill level 1 in Polearms
  4217 | D:5      | Found a shadowy altar of Dithmenos.
  4417 | D:6      | Noticed a hungry ghost
  4427 | D:6      | Killed a hungry ghost
  4427 | D:6      | Reached XP level 7. HP: 58/61 MP: 6/6
  4449 | D:6      | Reached skill level 6 in Armour
  5073 | D:6      | Found an opulent altar of Gozag.
  5075 | D:6      | Found a radiant altar of Vehumet.
  5159 | D:6      | Reached XP level 8. HP: 66/70 MP: 7/7
  5748 | D:6      | Reached skill level 7 in Armour
  5769 | D:6      | Identified a scroll of acquirement
  5770 | D:6      | Got a shimmering iron ring
  5771 | D:6      | Identified the ring "Amexkau" {*Confuse rF+ Int+7 Stlth+} (You acquired it on level 6 of the Dungeon)
  5907 | D:7      | Found Kisobaro's General Store.
  5918 | D:7      | Bought 3 scrolls of identify for 66 gold pieces
  5935 | D:7      | Found a staircase to the Ecumenical Temple.
  5953 | Temple   | Entered the Ecumenical Temple
  6098 | Temple   | Became a worshipper of Warmaster Okawaru
  6169 | D:7      | Found a sacrificial altar of Ru.
  6363 | D:7      | Reached skill level 5 in Polearms
  6394 | D:7      | Acquired Okawaru's first power
  6394 | D:7      | Reached skill level 8 in Armour
  6394 | D:7      | Reached XP level 9. HP: 46/80 MP: 8/8
  6872 | D:7      | Found a bloodstained altar of Trog.
  7598 | D:8      | Found a staircase to the Lair.
  8087 | Lair:1   | Entered Level 1 of the Lair of Beasts
  8087 | Lair:1   | Found a labyrinth entrance.
  8127 | Lair:1   | Reached skill level 9 in Armour
  8135 | Lair:1   | Noticed a komodo dragon
  8162 | Lair:1   | Killed a komodo dragon
  8430 | Lab      | Entered a labyrinth
 10871 | Lab      | Noticed a minotaur
 10880 | Lab      | Killed a minotaur
 10880 | Lab      | Reached XP level 10. HP: 63/91 MP: 9/9
 10888 | Lab      | Got a clouded lapis lazuli ring
 10889 | Lab      | Got an ancient plate armour
 10906 | D:8      | Identified the +10 plate armour of the Shore {*Drain *Confuse rPois rC+} (You found it in a labyrinth)
 10907 | D:8      | Identified the ring of Qojaefan {+Fly AC+2 Str-2 Stlth+} (You found it in a labyrinth)
 10908 | D:8      | Identified a +8 rod of ignition (9/9) (You took it off a minotaur in a labyrinth)
 11252 | Lair:1   | Reached skill level 10 in Armour
 11309 | Lair:1   | Reached skill level 10 in Shields
 11426 | Lair:1   | Noticed a spiny frog
 11433 | Lair:1   | Killed a spiny frog
 11433 | Lair:1   | Reached skill level 10 in Fighting
 11743 | Lair:2   | Noticed a black mamba
 11757 | Lair:2   | Killed a black mamba
 12107 | Lair:2   | Found a dark tunnel.
 12416 | Lair:2   | Reached XP level 11. HP: 101/101 MP: 10/10
 12582 | Lair:2   | Acquired Okawaru's second power
 13012 | Lair:3   | Noticed a four-headed hydra
 13018 | Lair:3   | Killed a four-headed hydra
 13018 | Lair:3   | Reached skill level 11 in Armour
 13020 | Lair:3   | Found a hole to the Spider Nest.
 13021 | Lair:3   | Found an iron altar of Okawaru.
 13357 | Lair:3   | Noticed Rupert
 13388 | Lair:3   | Mangled by Rupert

Vault maps used:
D:1:      erik_arrival_gehennom, minmay_hedge_maze
D:2:      first_bread
D:3:      nemelex_deck
D:4:      lemuel_upstairs_altar, good_gods_mini_temple, serial_glass,
          glass_columns_c, glass_columns_a, serial_shops, nicolae_shop_stone,
          portal_sewer_entry_e
D:5:      lemuel_coloured_pillars_altar, cheibrodos_ashenzari_chains
D:6:      minitemple
D:7:      trog_eyes_of_draining, nicolae_ru_great_annihilating_truth,
          minmay_temple_entry_junction2, serial_shops, shop
D:8:      lair_0_dummy
Temple:   grunt_temple_mini_profane_8
Lair:1:   lab_entry_generic, serial_bayou_pond_d, infiniplex_staircase_pool
Lair:2:   enter_volcano_4
Lair:3:   beast_lair_carwin_large_3, minmay_swamp_entry_worms,
          spider_nest_entry_a, basic_altar, uniq_rupert
Lab:      labyrinth_mini_lab, lab_fountain, nicolae_lab_plus, nicolae_lab_arrow

Action                   |  1- 3 |  4- 6 |  7- 9 | 10-12 || total
-------------------------+-------+-------+-------+-------++-------
Melee: War axe           |   101 |   115 |       |       ||   216
       Trident           |       |    18 |   295 |   253 ||   566
Throw: Stone             |     8 |     6 |    12 |       ||    26
       Javelin           |       |     5 |    17 |     6 ||    28
Invok: Heroism           |       |       |       |     1 ||     1
       Finesse           |       |       |       |     1 ||     1
 Abil: Evoke Flight      |       |       |       |     1 ||     1
  Use: Scroll            |     2 |     8 |    12 |     5 ||    27
       Potion            |       |       |       |     3 ||     3
  Eat: Chunk             |     2 |     6 |     8 |       ||    16
       Beef jerky        |       |     2 |       |     1 ||     3
       Pizza             |       |       |     2 |       ||     2
       Fruit             |       |       |     7 |       ||     7
       Bread ration      |       |       |     1 |     1 ||     2
       Meat ration       |       |       |     1 |       ||     1
